 Dungeon Crawl Stone Soup version 0.28-a0-1184-g53156a8862 (webtiles) character file.

Game seed: 6418422891298494401

90 ytrimaz the Insei (level 4, -3/26 HPs)
             Began as an Octopode Transmuter on Dec 18, 2021.
             Slain by a phantom (6 damage)
             ... on level 4 of the Dungeon.
             The game lasted 00:02:57 (3421 turns).

ytrimaz the Insei (Octopode Transmuter)             Turns: 3421, Time: 00:02:58

Health: -3/26      AC:  1    Str:  9    XL:     4   Next: 56%
Magic:  0/8        EV: 13    Int: 17    God:
Gold:   15         SH:  0    Dex: 12    Spells: 2/8 levels left

rFire   . . .      SeeInvis .     - Unarmed
rCold   . . .      Faith    .   (no shield)
rNeg    . . .      Spirit   +   (helmet currently unavailable)
rPois   .          Reflect  .   f - amulet of guardian spirit
rElec   .          Harm     .   h - ring of flight
rCorr   .          Rampage  .   (no ring)
Will    .....                   (no ring)
Stlth   ++........              (no ring)
HPRegen 0.08/turn               (no ring)
MPRegen 0.11/turn               (no ring)
                                (no ring)
                                (no ring)

@: appendages (expiring), flying
A: tentacle spike 3, almost no armour, amphibious, 8 rings, camouflage 1,
gelatinous body 1, (nimble swimmer 1), tentacles, frail 1
a: End Transformation


You were on level 4 of the Dungeon.
One of your tentacles had grown a beastly spike.
You visited 1 branch of the dungeon, and saw 4 of its levels.

You collected 101 gold pieces.
You spent 86 gold pieces at shops.

Inventory:

Jewellery
 b - an amulet of the acrobat
 f - an amulet of guardian spirit (around mantle)
 h - a ring of flight (left tentacle)
Scrolls
 c - a scroll of fog
 e - a scroll of immolation
 i - a scroll of teleportation
Potions
 a - a potion of cancellation
 d - a potion of brilliance
 g - a potion of berserk rage {unknown}
 j - a potion of invisibility {unknown}
 l - a potion of attraction {unknown}


   Skills:
 * Level 1.6 Fighting
 * Level 2.5 Dodging
 + Level 3.4 Unarmed Combat
 * Level 2.7 Spellcasting
 * Level 2.9 Transmutations


You had 2 spell levels left.
You knew the following spells:

 Your Spells              Type           Power      Damage    Failure   Level
a - Beastly Appendage     Tmut           24%        N/A       5%          1
b - Wereblood             Tmut           12%        N/A       9%          2
c - Spider Form           Tmut/Pois      7%         N/A       30%         3

Your spell library contained the following spells:

 Spells                   Type           Power      Damage    Failure   Level
 Ice Form                 Ice/Tmut       7%         N/A       69%         4


Dungeon Overview and Level Annotations

Branches:
Dungeon (4/15)
 Temple: D:4-7

Altars:

Shops:
D:3 ?**

Annotations:
D:3 1 runed translucent door, Crazy Yiuf


Innate Abilities, Weirdness & Mutations

One of your tentacles has grown a beastly spike.
You cannot wear most types of armour.
You are amphibious.
You can wear up to eight rings at the same time.
Your skin changes colour to match your surroundings (Stealth+).
Your rubbery body absorbs attacks. (AC +1, EV +1)
((You are camouflaged near water. (Stealth+)))
You have tentacles for arms and can constrict up to eight enemies at once.
You are frail. (-10% HP)


Message History

You tentacle-slap the dart slug.
The dart slug is severely wounded.
You constrict the dart slug. You completely miss the dart slug.
You pierce the dart slug.
You kill the dart slug!
Your transformation is almost over.
Your tentacle spike disappears.
You reach down and open the door.
There is an open door here.
A phantom comes into view.
A phantom is nearby!
A phantom is nearby!
A phantom is nearby!
One of your tentacles grows a vicious spike.
The phantom closely misses you.
You closely miss the phantom.
Your tentacle spike misses the phantom.
The phantom hits you!
You tentacle-slap the phantom.
The phantom is lightly damaged.
The phantom hits you!
The phantom blinks!
You blink.
You closely miss the phantom.
You pierce the phantom.
The phantom is lightly damaged.
The phantom closely misses you.
You tentacle-slap the phantom.
The phantom is lightly damaged.
The phantom completely misses you.
You tentacle-slap the phantom.
Your tentacle spike misses the phantom.
The phantom is moderately damaged.
Your transformation is almost over.
The phantom hits you.
The phantom blinks!
You blink.
You are too injured to fight recklessly!
You barely miss the phantom.
Your tentacle spike misses the phantom.
The phantom is moderately damaged.
The phantom hits you!
* * * LOW HITPOINT WARNING * * *
The phantom blinks!
You blink.
You completely miss the phantom.
Your tentacle spike misses the phantom.
The phantom is moderately damaged.
The phantom hits you!
You die...

#################
#................
#...W............
+...@............
#....##.........
#....##.........
+....##....##..
#....##....#
#....+.....#######+##
##+####....#.........
#....'.........
.######.........


You could see a phantom.

Vanquished Creatures
  3 adders
  A worm (D:2)
  2 dart slugs
  4 bats
  An endoplasm (D:2)
  5 giant cockroaches
  6 goblins
  6 hobgoblins
  2 jackals (D:2)
  10 kobolds
  2 quokkas
  4 ball pythons
  2 frilled lizards
  3 rats
51 creatures vanquished.

Notes
Turn   | Place    | Note
-------+----------+-------------------------------------------
     0 | D:1      | ytrimaz the Octopode Transmuter began the quest for the
                  | Orb.
     0 | D:1      | Reached XP level 1. HP: 13/13 MP: 3/3
   387 | D:1      | Reached XP level 2. HP: 18/18 MP: 3/5
   626 | D:1      | Gained mutation: You are frail. (-10% HP) [potion of
                  | mutation]
  1238 | D:2      | Reached XP level 3. HP: 18/20 MP: 4/6
  1241 | D:2      | Learned a level 2 spell: Wereblood
  1245 | D:2      | Learned a level 3 spell: Spider Form
  1245 | D:2      | Found a faded altar of an unknown god.
  2235 | D:3      | Reached XP level 4. HP: 14/25 MP: 7/7
  2365 | D:3      | Found Ogebet's Assorted Antiques.
  2374 | D:3      | Bought a lumpy puce potion for 20 gold pieces
  2374 | D:3      | Bought a scroll of identify for 46 gold pieces
  2573 | D:3      | Found a runed translucent door.
  2574 | D:3      | Noticed Crazy Yiuf
  2909 | D:3      | Found Muguof's Assorted Antiques.
  2937 | D:3      | Found Fiopsi Xuemm's Magic Scroll Emporium.
  2941 | D:3      | Bought a scroll of identify for 20 gold pieces
  3408 | D:4      | Noticed a phantom
  3421 | D:4      | Slain by a phantom

Illustrated notes

Levels and vault maps discovered:
D:1:      tarquinn_simple_flora_water_b, layout_basic
D:2:      layout_rooms, shapermc_ecumenical_altar_starsandcircs,
          kennysheep_cluttered_room
D:3:      layout_rooms, serial_shops, shop, shop, shop, chequers_jeans,
          uniq_crazy_yiuf_cottage
D:4:      layout_gridville, minmay_temple_entry_glassed_door, uniq_pikel

Action                   |  1- 3 |  4- 6 || total
-------------------------+-------+-------++-------
Melee: Unarmed           |    67 |    44 ||   111
       Constrict         |    21 |    11 ||    32
       Tentacles         |    15 |     7 ||    22
       Kick              |     6 |    12 ||    18
       Punch             |     2 |       ||     2
 Cast: Beastly Appendage |    19 |    15 ||    34
       Spider Form       |       |     1 ||     1
  Use: Scroll            |     4 |     5 ||     9
       Potion            |     1 |       ||     1
 Stab: Sleeping          |     4 |     3 ||     7
Armor: Skin              |     5 |     4 ||     9
Dodge: Dodged            |    52 |    29 ||    81

Table legend: (Time is in decaauts)
 A = Elapsed time spent in this place.
 B = Non-inter-level travel time spent in this place.
 C = Inter-level travel time spent in this place.
 D = Time resting spent in this place.
 E = Time spent auto-exploring this place.
 F = Levels seen in this place.
 G = Mean time per level.
                   A        B        C        D        E       F      G
               +--------+--------+--------+--------+--------+-----+--------+
         Total |   3414 |   3341 |     73 |    330 |   2512 |   4 |  853.5 |
       Dungeon |   3414 |   3341 |     73 |    330 |   2512 |   4 |  853.5 |
               +--------+--------+--------+--------+--------+-----+--------+

Top non-repeatable levels by time:
     D:2: 1295 daAuts
     D:3: 1013 daAuts
     D:1: 924 daAuts
     D:4: 180 daAuts
